 Dungeon Crawl Stone Soup version 0.18.1-1-g2f07953 (webtiles) character file.

399 AlphabetPasta the Vexing (level 6, 0/30 HPs)
             Began as a Vine Stalker Arcane Marksman on May 23, 2016.
             Succumbed to a worker ant's poison
             ... on level 4 of the Dungeon.
             The game lasted 00:22:35 (2605 turns).

AlphabetPasta the Vexing (VSAM)                     Turns: 2605, Time: 00:22:36

Health: 0/30       AC:  8    Str: 14    XL:     6   Next: 84%
Magic:  0/11       EV: 12    Int: 14    God:
Gold:   188        SH:  0    Dex: 14    Spells: 2 memorised, 8 levels left

rFire  . . .     SeeInvis .     b - +0 club
rCold  . . .     Gourm    .     j - +3 leather armour
rNeg   . . .     Faith    .     (no shield)
rPois  .         Spirit   +     t - +1 helmet
rElec  .         Dismiss  .     (no cloak)
rCorr  .         Reflect  .     (no gloves)
SustAt .         Harm     .     (no boots)
MR     .....                    (no amulet)
Stlth  +.........               (no ring)
                                (no ring)

@: lethally poisoned (0 -> -4), about to teleport, not resistant to hostile
enchantments, very unstealthy
A: fangs 2, regeneration 2, magic shield, antimagic bite, no device heal 3, rot
immunity
a: no special abilities


You were on level 4 of the Dungeon.
You were hungry.

You visited 1 branch of the dungeon, and saw 4 of its levels.

You collected 188 gold pieces.

Inventory:

Hand Weapons
 a - a +1 hand crossbow
 b - a +0 club (weapon)
Missiles
 d - 14 bolts
Armour
 j - a +3 leather armour (worn)
 l - a +0 robe
 t - a +1 helmet (worn)
Scrolls
 e - a scroll of remove curse
 h - 2 scrolls of teleportation
 k - a scroll of enchant weapon
 n - 4 scrolls of magic mapping
Potions
 g - a potion of cancellation
 i - a potion of flight {unknown}
 m - a potion of brilliance {unknown}
 o - a potion of mutation {unknown}
 s - 2 potions of heal wounds
 v - a potion of agility {unknown}
 x - a potion of haste {unknown}
 z - a potion of might {unknown}
 A - a potion of berserk rage {unknown}
 B - a potion of curing {unknown}
Books
 c - a book of Debilitation

   Spells                             Type                      Level
   a - Corona                         Hexes                        1
   b - Slow                           Hexes                        2
   c - Gell's Gravitas                Hexes/Translocation          3
   d - Inner Flame                    Hexes/Fire                   3
   e - Cause Fear                     Hexes                        4
   f - Leda's Liquefaction            Hexes/Earth                  4
Comestibles
 f - 3 bread rations
 q - a beef jerky
 C - 8 chunks of flesh


   Skills:
 - Level 1.4 Fighting
 + Level 1.6 Maces & Flails
 * Level 3.9 Crossbows
 + Level 1.4 Armour
 - Level 1.7 Dodging
 + Level 3.0 Spellcasting
 + Level 4.2 Hexes


You had 8 spell levels left.
You knew the following spells:

 Your Spells              Type           Power        Failure   Level  Hunger
a - Corona                Hex            ##.....      4%          1    #......
b - Slow                  Hex            ##......     10%         2    ##.....


Dungeon Overview and Level Annotations

Branches:
Dungeon (4/15)
 Temple: D:4-7

Altars:
Ashenzari
Dithmenos
Nemelex Xobeh
Okawaru
Sif Muna

Annotations:
D:3 1 exclusion


Innate Abilities, Weirdness & Mutations

You have extremely sharp teeth.
You heal very quickly.
When hurt, damage is shared between your health and your magic reserves.
Your bite disrupts and absorbs the magic of your enemies.
Potions and wands cannot restore your health.
You are immune to rotting.


Message History

The worker ant bites you but does no damage.
The worker ant bites you.
* * * LOW HITPOINT WARNING * * *
You are lethally poisoned!
The worker ant poisons you!
You completely miss the worker ant.
The worker ant is severely wounded.
* * * LOW HITPOINT WARNING * * *
You feel sick. The worker ant bites you.
* * * LOW HITPOINT WARNING * * *
Unknown command.
* * * LOW HITPOINT WARNING * * *
You feel sick.
Read which item? (? for menu, Esc to quit)
As you read the scroll of teleportation, it crumbles to dust.
You feel strangely unstable.
* * * LOW HITPOINT WARNING * * *
You feel sick. The worker ant bites you.
* * * LOW HITPOINT WARNING * * *
You die...

############## #.......)....#
#.##########.# #.# #.# #.# *#.##
############## #.#
#####.#.#####............. #.#
#....###.@.a..#########... #.#
#.###.#.####### #)## #.# #.#
##.#* #)# #.# #.# #.###### #.#*
#.# ##.## #.##...######### #..#
#.# ##.>.###.##...........###.#.
#.###)....##.##...#######.##....
#............###.## ##.###...
#####.....#####...######........


You could see a worker ant.

Vanquished Creatures
  An ogre (D:4)
  A crimson imp (D:3)
  Jessica (D:2)
  Natasha (twice) (D:3)
  Robin (D:2)
  4 gnolls
  6 adders
  4 worms
  2 dart slugs (D:1)
  4 giant geckos
  An orc (D:3)
  3 giant cockroaches
  13 goblins
  12 hobgoblins
  7 kobolds
  A quokka (D:4)
  4 ball pythons
  7 bats
  2 giant newts
  5 rats
81 creatures vanquished.

Notes
Turn   | Place    | Note
--------------------------------------------------------------
     0 | D:1      | AlphabetPasta the Vine Stalker Arcane Marksman began the quest for the Orb.
     0 | D:1      | Reached XP level 1. HP: 9/9 MP: 3/3
    89 | D:1      | Reached skill level 1 in Fighting
   218 | D:1      | Reached XP level 2. HP: 14/14 MP: 4/4
   222 | D:1      | Learned a level 2 spell: Slow
   310 | D:1      | Reached XP level 3. HP: 18/18 MP: 6/6
   909 | D:2      | Noticed Robin
   953 | D:1      | Reached XP level 4. HP: 17/22 MP: 4/7
  1049 | D:2      | Killed Robin
  1151 | D:2      | Noticed Jessica
  1168 | D:2      | Killed Jessica
  1191 | D:2      | Reached XP level 5. HP: 25/25 MP: 9/9
  1468 | D:3      | Reached skill level 1 in Maces & Flails
  1468 | D:3      | Reached skill level 1 in Armour
  1533 | D:3      | Found a shattered altar of Ashenzari.
  1547 | D:3      | Found a shadowy altar of Dithmenos.
  1557 | D:3      | Found a sparkling altar of Nemelex Xobeh.
  1562 | D:3      | Found a deep blue altar of Sif Muna.
  1634 | D:3      | Found an iron altar of Okawaru.
  1887 | D:3      | Noticed Natasha
  1897 | D:3      | Killed Natasha
  1897 | D:3      | Reached skill level 4 in Hexes
  1897 | D:3      | Gained mutation: You heal very quickly. [Vine Stalker growth]
  1897 | D:3      | Reached XP level 6. HP: 22/30 MP: 6/10
  2036 | D:3      | Noticed Natasha
  2041 | D:3      | Killed Natasha
  2604 | D:4      | HP: 1/30 [worker ant (1)]
  2605 | D:4      | Succumbed to a worker ant's poison

Skill      XL: |  1  2  3  4  5  6 |
---------------+-------------------+-----
Fighting       | 1 |  1.4
Crossbows      | 2 3 |  3.9
Spellcasting   | 2 3 |  3.0
Maces & Flails | 1 |  1.6
Armour         | 1 |  1.4
Hexes          | 4 |  4.2
Dodging        | |  1.7

Action                   |  1- 3 |  4- 6 || total
-------------------------+-------+-------++-------
Melee: Club              |       |   183 ||   183
       Bite              |       |    59 ||    59
 Fire: Hand crossbow     |    68 |    91 ||   159
  Use: Scroll            |     1 |     9 ||    10
  Eat: Chunk             |       |     5 ||     5
Armor: Leather armour    |     7 |    80 ||    87
Dodge: Dodged            |    21 |   151 ||   172
